 Dungeon Crawl Stone Soup version 0.25-a0-105-g2289b3b9f1 (webtiles) character file.

Game seed: 12659494494751654647, levelgen mode: deterministic

63 mortelune the Skirmisher (level 3, 31/31 HPs)
             Began as a Demonspawn Wanderer on Nov 16, 2019.
             Was a Follower of Kikubaaqudgha.
             Quit the game on level 2 of the Dungeon.
             The game lasted 00:03:39 (1837 turns).

mortelune the Skirmisher (Demonspawn Wanderer)      Turns: 1837, Time: 00:03:40

Health: 31/31      AC:  9    Str: 12    XL:     3   Next: 89%
Magic:  3/3        EV:  5    Int: 17    God:    Kikubaaqudgha [*.....]
Gold:   70         SH:  0    Dex:  9    Spells: 2/2 levels left

rFire    . . .     SeeInvis .   a - +2 hand axe
rCold    . . .     Gourm    .   (no shield)
rNeg     . . .     Faith    +   k - +0 chain mail
rPois    .         Spirit   .   (helmet restricted)
rElec    .         Reflect  .   (no cloak)
rCorr    .         Harm     .   (no gloves)
MR       .....                  e - +0 pair of boots
Stlth    ..........             o - amulet of faith
HPRegen  0.10/turn              (no ring)
MPRegen  0.08/turn              (no ring)

@: no status effects
A: antennae 1, demonic guardian 1
a: Receive Corpses, Renounce Religion


You were on level 2 of the Dungeon.
You worshipped Kikubaaqudgha.
Kikubaaqudgha was aware of your devotion.
You were not hungry.

You visited 1 branch of the dungeon, and saw 2 of its levels.

You collected 70 gold pieces.

Inventory:

Hand Weapons
 a - a +2 hand axe (weapon)
Missiles
 g - 46 stones (quivered)
Armour
 c - a +0 ring mail
 e - a +0 pair of boots (worn)
 i - a +0 ring mail
 k - a +0 chain mail (worn)
Jewellery
 o - an amulet of faith (around neck)
Scrolls
 h - a scroll of teleportation {unknown}
 l - a scroll of enchant weapon {unknown}
 n - a scroll of identify {unknown}
Potions
 b - 2 potions of curing
 j - a potion of agility {unknown}
 m - a potion of degeneration {unknown}
Comestibles
 d - 2 rations
 f - 4 chunks of flesh


   Skills:
 + Level 4.4 Fighting
 * Level 3.0 Axes
 + Level 2.4 Armour
 - Level 1.0 Stealth
   Level 1.0 Evocations


You had 2 spell levels left.
You didn't know any spells.
Your spell library contained the following spells:

 Spells                   Type           Power        Failure   Level  Hunger
 Pain                     Necr           #...         100%        1    ##.....
 Corpse Rot               Necr           N/A          100%        2    ###....
 Sublimation of Blood     Necr           #.........   100%        2    ###....
 Regeneration             Chrm/Necr      #.........   100%        3    ####...


Dungeon Overview and Level Annotations

Branches:
Dungeon (2/15)

Altars:
Kikubaaqudgha
Xom


Innate Abilities, Weirdness & Mutations

You have a pair of small antennae on your head.
A weak demonic guardian rushes to your aid.


Message History

You see here a dagger.
You now have 70 gold pieces (gained 5).
There is a faded altar of an unknown god here.
You cannot tell which god this altar belongs to.
Convert to them anyway?
Okay, then.
You cannot tell which god this altar belongs to.
Convert to them anyway?
Uppercase [Y]es or [N]o only, please.
You cannot tell which god this altar belongs to.
Convert to them anyway?
Kikubaaqudgha accepts your prayer! Kikubaaqudgha welcomes you!
Your amulet flashes!
You can now receive cadavers from Kikubaaqudgha.
You see here Kikubaaqudgha's Tome of Sinister Arts.
Kikubaaqudgha grants you a gift!
You pick up Kikubaaqudgha's Tome of Sinister Arts and begin reading...
You add the spells Pain, Corpse Rot, Sublimation of Blood and Regeneration to your library.
There is an ancient bone altar of Kikubaaqudgha here.
Okay, then.
Okay, then.
Are you sure you want to abandon this character and quit the game? (Confirm with "yes".)

#. .#.###.####.# #. ♣..#..#
#.# #. ♣♣♣ ♣...)#
#.######### #.#♣♣.♣♣♣♣♣♣..#
#.......... #..♣..♣.♣ ♣♣.#
#..#######. #...♣♣..♣♣♣♣♣.#
#.....(....
#..♣♣.♣♣♣.♣...###....#.....
#...♣.♣♣.♣♣♣♣..##..........
#.♣.♣.♣...@♣♣......<.......
#...♣♣)♣♣♣.♣♣.###..###.#...
#...♣♣♣♣ .♣♣♣.# #..........
#....♣♣♣♣♣♣♣♣.####.#####.#.
##.♣>..♣'...♣..............
#....###.....#########....
#....###.....#########..##
#.........................
#....#####.....)........##


There were no monsters in sight!

Vanquished Creatures
  2 adders (D:2)
  A worm (D:2)
  3 dart slugs (D:1)
  2 giant cockroaches (D:2)
  4 goblins
  7 hobgoblins
  2 bats (D:1)
  5 frilled lizards
  8 kobolds
  2 rats
36 creatures vanquished.

Notes
Turn   | Place    | Note
-------+----------+-------------------------------------------
     0 | D:1      | mortelune the Demonspawn Wanderer began the quest for the
                  | Orb.
     0 | D:1      | mortelune set off with the following items: a +2 hand axe,
                  | a potion of curing, a +0 ring mail, a ration
     0 | D:1      | Reached XP level 1. HP: 19/19 MP: 1/1
    94 | D:1      | Gained mutation: You have a pair of small antennae on your
                  | head. [demonic ancestry]
    94 | D:1      | Reached XP level 2. HP: 18/25 MP: 2/2
   739 | D:2      | Gained mutation: A weak demonic guardian rushes to your
                  | aid. [demonic ancestry]
   739 | D:2      | Reached XP level 3. HP: 18/30 MP: 3/3
  1411 | D:2      | Found a shimmering altar of Xom.
  1411 | D:2      | Found a shimmering altar of Xom.
  1412 | D:2      | Found a shimmering altar of Xom.
  1824 | D:2      | Found a faded altar of an unknown god.
  1833 | D:2      | Became a worshipper of Kikubaaqudgha
  1833 | D:2      | Reached * piety under Kikubaaqudgha
  1833 | D:2      | Identified Kikubaaqudgha's Tome of Sinister Arts
                  | (Kikubaaqudgha gifted it to you on level 2 of the Dungeon)
  1833 | D:2      | Received a gift from Kikubaaqudgha
  1837 | D:2      | Quit the game

Levels and vault maps discovered:
D:1:      dpeg_arrival_erosion, layout_basic
D:2:      layout_basic, xom_redecorated, lemuel_coloured_pillars_altar,
          chequers_ecumenical_altar_grove

Skill      XL: |  1  2  3 |
---------------+----------+-----
Axes           | 2 3 |  3.0
Armour         | 2 |  2.4
Fighting       | |  4.4
Stealth        | |  1.0
Evocations     | |  1.0

Action                   || total
-------------------------++-------
Melee: Hand axe          ||   118
Throw: Stone             ||     2
  Use: Potion            ||     1
  Eat: Chunk             ||     3
Armor: Ring mail         ||    19
       Chain mail        ||    53
Dodge: Dodged            ||    26

Table legend:
 A = Non-vault XP
 B = Vault XP
 C = Vault XP percentage of total XP
 D = Non-vault monster count
 E = Vault monster count
 F = Vault count percentage of total count
                 A         B        C        D         E       F
            +---------+---------+-------+---------+---------+-------
      Total |      91 |       0 |   0.0 |      36 |       0 |   0.0
            +---------+---------+-------+---------+---------+-------
        D:1 |      35 |       0 |   0.0 |      20 |       0 |   0.0
        D:2 |      56 |       0 |   0.0 |      16 |       0 |   0.0
            +---------+---------+-------+---------+---------+-------
